 Dungeon Crawl Stone Soup version 0.32-a0-699-g1ee5eff69a (console) character file.

Game seed: 1813039114061853596

399 zenocrate the Sneak (level 6, 0/39 HPs)
             Began as an Octopode Earth Elementalist on Mar 13, 2024.
             Slain by Edmund
             ... wielding a +4 dire flail of venom
              (8 damage)
             ... on level 4 of the Dungeon.
             The game lasted 00:03:51 (2762 turns).

zenocrate the Sneak (Octopode Earth Elementalist)   Turns: 2762, Time: 00:03:52

Health: 0/39       AC:  1    Str:  8    XL:     6   Next: 84%
Magic:  10/11      EV: 12    Int: 19    God:
Gold:   78         SH:  0    Dex: 12    Spells: 1/12 levels left

rFire   . . .        a - +2 short sword (venom)
rCold   . . .        (no shield)
rNeg    . . .        (helmet restricted)
rPois   .            (no amulet)
rElec   .            (no ring)
rCorr   .            (no ring)
SInv    .            (no ring)
Will    .....        (no ring)
Stlth   ++++         (no ring)
HPRegen 0.26/turn    (no ring)
MPRegen 0.12/turn    (no ring)
                     (no ring)

%: no passive effects
@: no status effects
A: almost no armour, amphibious, 8 rings, camouflage 1, gelatinous body 1,
(nimble swimmer 1), tentacles
a: no special abilities


You were on level 4 of the Dungeon.
You visited 1 branch of the dungeon, and saw 4 of its levels.

You collected 78 gold pieces.

Inventory:

Hand Weapons
 a - a +2 short sword of venom (weapon)
Missiles
 d - a throwing net
Wands
 q - a wand of roots (7)
Scrolls
 c - a scroll of noise {unknown}
 e - a scroll of silence {unknown}
 f - a scroll of amnesia {unknown}
 h - a scroll of identify {unknown}
 l - a scroll of poison {unknown}
 n - a scroll of vulnerability {unknown}
 o - a scroll of acquirement {unknown}
 s - a scroll of fog {unknown}
Potions
 b - a potion of magic
 g - 2 potions of curing
 i - a potion of berserk rage {unknown}
 j - a potion of might
 k - a potion of resistance {unknown}
 m - 2 potions of attraction {unknown}
 p - 2 potions of haste {unknown}
 r - 2 potions of mutation {unknown}
 t - a potion of degeneration {unknown}


   Skills:
 + Level 2.2 Fighting
 + Level 3.3 Dodging
 + Level 4.5 Stealth
 + Level 3.6 Spellcasting
 + Level 2.4 Conjurations
 + Level 3.9 Earth Magic
 * Level 0.5 Evocations


You had one spell level left.
You knew the following spells:

 Your Spells              Type           Power      Damage    Failure   Level
a - Stone Arrow           Conj/Erth      30%        3d8       12%         3
b - Sandblast             Erth           36%        2d10      3%          1
c - Brom's Barrelling Bo  Conj/Erth      15%        2d4       36%         4
d - Passwall              Erth           18%        N/A       9%          3

Your spell library contained the following spells:

 Spells                   Type           Power      Damage    Failure   Level
 Call Canine Familiar     Summ           3%         N/A       41%         3
 Sigil of Binding         Hex            3%         N/A       41%         3
 Petrify                  Alch/Erth      10%        N/A       54%         4
 Dimensional Bullseye     Hex/Tloc       1%         N/A       82%         4


Dungeon Overview and Level Annotations

Branches:
Dungeon (4/15)
 Temple: D:4-7

Altars:
Cheibriados

Shops:
D:3 (

Annotations:
D:4 Edmund


Innate Abilities, Weirdness & Mutations

You cannot wear most types of armour.
You are amphibious.
You can wear up to eight rings at the same time.
Your skin changes colour to match your surroundings (Stealth+).
Your rubbery body absorbs attacks. (AC +1, EV +1)
((You are camouflaged when in or above water. (Stealth+)))
You have tentacles for arms and can constrict up to eight enemies at once.


Message History

No target in view!
You see here an adder corpse.
There is a stone staircase leading down here.
Done exploring.
No target in view!
Done exploring.
No target in view!
Done exploring.
No target in view!
Done exploring.
Okay, then.
This spell is dangerous to cast!
Memorise Passwall, consuming 3 spell levels and leaving 1?
You start memorising the spell.
You continue memorising. x3
You finish memorising.
Spell assigned to 'd'.
There is an escape hatch in the floor here.
You slide downwards.
The hatch slams shut behind you.
p - 2 bubbling ruby potions (gained 1)
Found a stone staircase leading down.
No target in view!
Edmund the Younger comes into view.
He is wielding a +4 dire flail of venom.
The helpless Edmund fails to defend himself.
You puncture Edmund!
Edmund is poisoned.
Your grab misses Edmund.
Edmund is lightly wounded.
Edmund hits you with a +4 dire flail of venom!
You are poisoned.
Casting: Sandblast (safe; 3% risk of failure)
Confirm with . or Enter, or press ? or * to list all spells.
Aiming: Sandblast (safe; 3% risk of failure)
Press: ? - help, Shift-Dir - straight line, f - Edmund
Aim: Edmund, wielding a +4 dire flail of venom and wearing a +0 ring mail (lightly wounded, very poisoned, 84% to hit)
You feel extremely sick.
Edmund hits you with a +4 dire flail of venom!!
* * * LOW HITPOINT WARNING * * *
You are more poisoned.
Unknown command.
It was a potion of curing.
You feel better.
Edmund hits you with a +4 dire flail of venom!
You die...
Edmund says, "That'll show my brother!"

..# ..# ... ... ###
##.## #.## .... ...
...# ..... #.# #..#
......##.## #..#
..........## #..# .
...........# #@.# .#
.........#.####@.##..##
.........#...##........
....####.###.##....#.##
#### #.# #....#### #.#
####># #.# ### #.


You could see Edmund (very poisoned).

Vanquished Creatures
  Sigmund (D:3)
  A bombardier beetle (D:3)
  Ijyb (D:3)
  An orc wizard (D:3)
  5 adders
  3 gnolls (D:2)
  2 dart slugs
  9 orcs (D:3)
  2 endoplasms
  A giant cockroach (D:3)
  5 goblins
  4 hobgoblins
  5 jackals (D:2)
  5 kobolds
  A quokka (D:3)
  7 ball pythons
  4 bats
  2 frilled lizards (D:1)
  8 rats
67 creatures vanquished.

Notes
Turn   | Place    | Note
-------+----------+-------------------------------------------
     0 | D:1      | zenocrate the Octopode Earth Elementalist began the quest
                  | for the Orb.
     0 | D:1      | Reached XP level 1. HP: 11/11 MP: 3/3
    97 | D:1      | Reached XP level 2. HP: 17/17 MP: 5/5
   229 | D:1      | Reached skill level 3 in Stealth
   560 | D:1      | Reached XP level 3. HP: 22/22 MP: 6/6
   564 | D:1      | Learned a level 3 spell: Stone Arrow
   832 | D:2      | Found a snail-covered altar of Cheibriados.
  1004 | D:2      | Reached skill level 1 in Fighting
  1012 | D:2      | Reached XP level 4. HP: 28/28 MP: 7/7
  1560 | D:2      | Learned a level 4 spell: Brom's Barrelling Boulder
  1860 | D:3      | Reached XP level 5. HP: 33/33 MP: 5/9
  1965 | D:3      | Noticed Sigmund
  1973 | D:3      | Killed Sigmund
  1974 | D:3      | Reached skill level 4 in Stealth
  1974 | D:3      | Reached XP level 6. HP: 39/39 MP: 8/11
  2151 | D:3      | HP: 1/39 [poisoned by an adder]
  2337 | D:3      | Noticed Ijyb
  2342 | D:3      | Killed Ijyb
  2552 | D:3      | Found Donut's Weapon Shoppe.
  2727 | D:3      | Learned a level 3 spell: Passwall
  2756 | D:4      | Noticed Edmund
  2762 | D:4      | Slain by Edmund

Illustrated notes

Levels and vault maps discovered:
D:1:      nzn_arrival_depleted_hourglass, layout_loops_ring
D:2:      layout_basic, basic_altar
D:3:      layout_basic, serial_curves, eino_curves_02, eino_curves_04,
          serial_shops, nicolae_shop_real_fake_doors, uniq_ijyb, uniq_sigmund
D:4:      layout_basic, uniq_edmund

Skill      XL: |  1  2  3  4  5 |
---------------+----------------+-----
Stealth        | 3 4 |  4.5
Fighting       | 1 2 |  2.2
Dodging        | 3 |  3.3
Spellcasting   | 3 |  3.6
Conjurations   | 2 |  2.4
Earth Magic    | |  3.9
Evocations     | |  0.5

Action                     |  1- 3 |  4- 6 || total
---------------------------+-------+-------++-------
  Melee: Short sword       |    33 |    40 ||    73
         Unarmed           |     4 |       ||     4
         Constrict         |    10 |     9 ||    19
         Tentacles         |     7 |     5 ||    12
   Cast: Sandblast         |    12 |    27 ||    39
    Use: Potion            |       |     2 ||     2
   Stab: Sleeping          |     9 |     8 ||    17
 Armour: Skin              |    15 |    38 ||    53
  Dodge: Dodged            |    18 |    39 ||    57

Table legend: (Time is in decaauts)
 A = Elapsed time spent in this place.
 B = Non-inter-level travel time spent in this place.
 C = Inter-level travel time spent in this place.
 D = Time resting spent in this place.
 E = Time spent auto-exploring this place.
 F = Levels seen in this place.
 G = Mean time per level.
                   A        B        C        D        E       F      G
               +--------+--------+--------+--------+--------+-----+--------+
         Total |   2779 |   2562 |    217 |      0 |   2112 |   4 |  694.8 |
       Dungeon |   2779 |   2562 |    217 |      0 |   2112 |   4 |  694.8 |
               +--------+--------+--------+--------+--------+-----+--------+

Top non-repeatable levels by time:
     D:3: 1122 daAuts
     D:2: 883 daAuts
     D:1: 756 daAuts
     D:4: 17 daAuts
